[ PARTIDA AOE2 · #460086326 ]
Team RMTártaros vs Tatars
[ ANÁLISIS DE REPETICIÓN · EXTRAÍDO DE LA PARTIDA GRABADA ]
Feudal
10:39
Castillos
—
Imperial
—
| APM promedio | 24.7 |
| APM pico | 51 |
| eAPM promedio | 9.7 |
| Aldeanos / militares | 52 / 18 |
Foco
⚔️ 15.4% · 🌾 84.6%
Militia ×18
Feudal
15:06
Castillos
19:01
Imperial
—
| APM promedio | 20.0 |
| APM pico | 47 |
| eAPM promedio | 8.8 |
| Aldeanos / militares | 51 / 1 |
Foco
⚔️ 10.8% · 🌾 89.2%
Knight ×1
Feudal
10:09
Castillos
—
Imperial
—
| APM promedio | 22.8 |
| APM pico | 45 |
| eAPM promedio | 9.4 |
| Aldeanos / militares | 43 / 17 |
Foco
⚔️ 18.6% · 🌾 81.4%
Battering Ram ×10 · Militia ×4 · Spearman ×3
Feudal
12:00
Castillos
—
Imperial
—
| APM promedio | 14.3 |
| APM pico | 30 |
| eAPM promedio | 9.0 |
| Aldeanos / militares | 42 / 9 |
Foco
⚔️ 16.6% · 🌾 83.4%
Archer ×6 · Fishing Ship ×6 · Demolition Raft ×3
Feudal
10:24
Castillos
—
Imperial
—
| APM promedio | 26.9 |
| APM pico | 61 |
| eAPM promedio | 14.4 |
| Aldeanos / militares | 42 / 19 |
Foco
⚔️ 18.7% · 🌾 81.3%
Militia ×14 · Fishing Ship ×11 · Spearman ×3 · Demolition Raft ×2
Feudal
9:37
Castillos
21:41
Imperial
—
| APM promedio | 30.4 |
| APM pico | 75 |
| eAPM promedio | 12.0 |
| Aldeanos / militares | 46 / 20 |
Foco
⚔️ 15.7% · 🌾 84.3%
Archer ×20
Mapa de la partida
Recursos iniciales + cada clic de construcción. Líneas = muros · curvas = relieve. ◆ oro · ⬟ piedra · ● bayas · ✦ reliquia · ◌ hueco del cierre
Tu base· Abierta — flanco sin cerrar
Base de Niklas· Abierta — hueco de 12t
Base de GroßerGüffel· Abierta — flanco sin cerrar
Base de HelChelo· Abierta — flanco sin cerrar
Base de MK· Abierta — flanco sin cerrar
Base de Ahmedo· Abierta — flanco sin cerrar
Terreno inicial suavizado · ◌ = hueco del cierre detectado · pasá el cursor para detalles
Inputs por minuto
— Panda ツ - - Niklas
Build order — Panda ツ
127 acciones detectadas en el replay
| 0:03 | Crear | Villager (Male) |
| 0:03 | Crear | Villager (Male) |
| 0:03 | Crear | Villager (Male) |
| 0:04 | Construir | House |
| 0:07 | Construir | House |
| 0:41 | Crear | Villager (Male) |
| 0:42 | Crear | Villager (Male) |
| 1:27 | Crear | Villager (Male) |
| 1:28 | Crear | Villager (Male) |
| 1:58 | Crear | Villager (Male) |
| 1:58 | Crear | Villager (Male) |
| 2:27 | Crear | Villager (Male) |
| 2:53 | Crear | Villager (Male) |
| 2:53 | Crear | Villager (Male) |
| 3:31 | Crear | Villager (Male) |
| 3:32 | Crear | Villager (Male) |
| 3:40 | Construir | House |
| 3:56 | Construir | Lumber Camp |
| 4:06 | Crear | Villager (Male) |
| 4:11 | Crear | Villager (Male) |
| 4:15 | Construir | House |
| 4:52 | Crear | Villager (Male) |
| 4:54 | Crear | Villager (Male) |
| 5:45 | Crear | Villager (Male) |
| 5:47 | Crear | Villager (Male) |
| 6:42 | Crear | Villager (Male) |
| 6:44 | Crear | Villager (Male) |
| 6:49 | Crear | Villager (Male) |
| 7:24 | Construir | Barracks |
| 8:02 | Investigar | Loom |
| 8:29 | Investigar | Feudal Age |
| 9:00 | Construir | House |
| 9:01 | Construir | House |
| 9:33 | Construir | Mill |
| 10:12 | Crear | Militia |
| 10:12 | Crear | Militia |
| 10:12 | Crear | Militia |
| 10:19 | Construir | Mining Camp |
| 10:39 | Edad | Edad Feudal |
| 10:58 | Crear | Villager (Male) |
| 10:59 | Crear | Villager (Male) |
| 10:59 | Crear | Villager (Male) |
| 10:59 | Crear | Villager (Male) |
| 10:59 | Crear | Villager (Male) |
| 11:00 | Crear | Villager (Male) |
| 11:00 | Crear | Villager (Male) |
| 11:01 | Crear | Villager (Male) |
| 11:34 | Construir | Blacksmith |
| 11:44 | Investigar | Man-at-Arms (upgrade) |
| 11:45 | Crear | Militia |
| 11:46 | Crear | Militia |
| 11:58 | Crear | Villager (Male) |
| 12:15 | Crear | Militia |
| 12:45 | Crear | Militia |
| 12:53 | Investigar | Forging |
| 13:37 | Crear | Villager (Male) |
| 13:39 | Crear | Villager (Male) |
| 14:02 | Construir | House |
| 14:05 | Construir | House |
| 14:06 | Construir | House |
| 14:10 | Construir | House |
| 14:11 | Construir | House |
| 14:13 | Construir | House |
| 14:24 | Construir | Farm |
| 14:26 | Construir | Farm |
| 14:31 | Construir | Farm |
| 14:35 | Construir | Farm |
| 14:37 | Crear | Militia |
| 14:37 | Crear | Militia |
| 14:37 | Crear | Militia |
| 14:39 | Crear | Militia |
| 15:04 | Crear | Villager (Male) |
| 15:09 | Construir | Farm |
| 15:10 | Construir | Farm |
| 15:12 | Construir | Farm |
| 15:16 | Construir | Farm |
| 15:50 | Construir | Farm |
| 15:56 | Construir | Farm |
| 16:16 | Crear | Militia |
| 16:17 | Crear | Villager (Male) |
| 16:17 | Crear | Villager (Male) |
| 16:21 | Construir | Farm |
| 17:11 | Crear | Villager (Male) |
| 17:11 | Crear | Villager (Male) |
| 17:11 | Crear | Villager (Male) |
| 18:03 | Crear | Villager (Male) |
| 18:04 | Crear | Villager (Male) |
| 18:30 | Crear | Militia |
| 18:31 | Crear | Militia |
| 18:31 | Crear | Militia |
| 18:32 | Crear | Militia |
| 18:47 | Crear | Militia |
| 18:50 | Crear | Villager (Male) |
| 18:54 | Construir | Farm |
| 19:00 | Construir | Lumber Camp |
| 19:22 | Construir | Farm |
| 19:25 | Crear | Villager (Male) |
| 19:25 | Crear | Villager (Male) |
| 19:30 | Construir | Farm |
| 19:35 | Construir | Farm |
| 19:36 | Investigar | Horse Collar |
| 19:57 | Construir | Mill |
| 20:15 | Crear | Militia |
| 20:16 | Crear | Villager (Male) |
| 20:19 | Construir | Farm |
| 20:22 | Construir | Farm |
| 20:25 | Construir | Farm |
| 20:29 | Construir | Farm |
| 20:31 | Construir | Farm |
| 20:33 | Construir | Farm |
| 20:37 | Construir | Farm |
| 20:43 | Construir | Farm |
| 21:23 | Construir | Farm |
| 21:25 | Construir | Farm |
| 21:26 | Crear | Villager (Male) |
| 21:27 | Crear | Villager (Male) |
| 21:27 | Crear | Villager (Male) |
| 22:10 | Investigar | Scale Mail Armor |
| 22:13 | Investigar | Double-Bit Axe |
| 23:15 | Construir | Market |
| 23:19 | Crear | Villager (Male) |
| 23:19 | Crear | Villager (Male) |
| 23:19 | Crear | Villager (Male) |
| 23:43 | Investigar | Gold Mining |
| 23:46 | Investigar | Stone Mining |
| 24:37 | Investigar | Castle Age |
| 24:42 | Construir | Mining Camp |
Build order — Niklas
72 acciones detectadas en el replay
| 0:05 | Investigar | Loom |
| 0:05 | Crear | Villager (Male) |
| 0:05 | Crear | Villager (Male) |
| 0:07 | Construir | House |
| 0:07 | Construir | House |
| 0:08 | Construir | House |
| 0:08 | Construir | House |
| 0:31 | Construir | House |
| 0:36 | Construir | House |
| 0:44 | Crear | Villager (Male) |
| 0:45 | Crear | Villager (Male) |
| 0:45 | Crear | Villager (Male) |
| 1:38 | Construir | Lumber Camp |
| 1:48 | Crear | Villager (Male) |
| 1:48 | Crear | Villager (Male) |
| 2:30 | Crear | Villager (Male) |
| 2:30 | Crear | Villager (Male) |
| 2:56 | Crear | Villager (Male) |
| 2:56 | Crear | Villager (Male) |
| 3:24 | Crear | Villager (Male) |
| 3:52 | Crear | Villager (Male) |
| 3:52 | Crear | Villager (Male) |
| 4:20 | Crear | Villager (Male) |
| 4:20 | Crear | Villager (Male) |
| 4:42 | Crear | Villager (Male) |
| 4:43 | Crear | Villager (Male) |
| 5:00 | Crear | Villager (Male) |
| 5:44 | Crear | Villager (Male) |
| 5:44 | Crear | Villager (Male) |
| 5:45 | Crear | Villager (Male) |
| 6:19 | Crear | Villager (Male) |
| 6:19 | Crear | Villager (Male) |
| 6:27 | Construir | House |
| 6:45 | Construir | House |
| 6:50 | Crear | Villager (Male) |
| 6:51 | Crear | Villager (Male) |
| 7:18 | Construir | Barracks |
| 7:33 | Construir | Mill |
| 7:38 | Crear | Villager (Male) |
| 7:38 | Crear | Villager (Male) |
| 7:38 | Crear | Villager (Male) |
| 8:28 | Construir | Mill |
| 8:33 | Crear | Villager (Male) |
| 8:33 | Crear | Villager (Male) |
| 8:33 | Crear | Villager (Male) |
| 8:34 | Crear | Villager (Male) |
| 9:10 | Crear | Villager (Male) |
| 9:11 | Crear | Villager (Male) |
| 10:12 | Construir | House |
| 10:14 | Construir | House |
| 10:43 | Crear | Villager (Male) ×3 |
| 11:40 | Crear | Villager (Male) |
| 12:56 | Investigar | Feudal Age |
| 13:33 | Construir | House |
| 13:35 | Construir | House |
| 13:49 | Construir | Mining Camp |
| 14:46 | Crear | Villager (Male) ×5 |
| 15:06 | Edad | Edad Feudal |
| 15:20 | Construir | Stable |
| 15:24 | Construir | Blacksmith |
| 16:13 | Investigar | Castle Age |
| 16:40 | Investigar | Horse Collar |
| 16:45 | Investigar | Double-Bit Axe |
| 19:01 | Edad | Edad de los Castillos |
| 19:43 | Construir | Town Center |
| 19:47 | Crear | Villager (Male) ×2 |
| 21:50 | Crear | Villager (Male) ×2 |
| 22:12 | Crear | Knight |
| 22:31 | Construir | Town Center |
| 23:48 | Crear | Villager (Male) |
| 23:48 | Crear | Villager (Male) |
| 23:49 | Crear | Villager (Male) |
Build order — GroßerGüffel
96 acciones detectadas en el replay
| 0:01 | Crear | Villager (Male) |
| 0:03 | Construir | House |
| 0:26 | Construir | House |
| 0:42 | Crear | Villager (Male) |
| 0:42 | Crear | Villager (Male) |
| 0:43 | Crear | Villager (Male) |
| 1:29 | Crear | Villager (Male) |
| 2:18 | Crear | Villager (Male) |
| 2:50 | Crear | Villager (Male) |
| 2:50 | Crear | Villager (Male) |
| 3:08 | Crear | Villager (Male) |
| 3:43 | Crear | Villager (Male) |
| 3:46 | Crear | Villager (Male) |
| 4:06 | Construir | House |
| 4:30 | Crear | Villager (Male) |
| 5:01 | Construir | Lumber Camp |
| 5:14 | Crear | Villager (Male) |
| 5:35 | Crear | Villager (Male) |
| 6:11 | Construir | Mill |
| 6:19 | Crear | Villager (Male) |
| 6:28 | Crear | Villager (Male) |
| 6:47 | Construir | House |
| 6:52 | Crear | Villager (Male) |
| 7:10 | Crear | Villager (Male) |
| 7:54 | Investigar | Feudal Age |
| 8:59 | Construir | Barracks |
| 9:07 | Crear | Villager (Male) |
| 10:09 | Edad | Edad Feudal |
| 10:49 | Crear | Villager (Male) |
| 10:49 | Crear | Villager (Male) |
| 10:52 | Investigar | Double-Bit Axe |
| 11:04 | Construir | Blacksmith |
| 11:18 | Crear | Villager (Male) |
| 11:22 | Crear | Spearman |
| 11:55 | Crear | Spearman |
| 12:02 | Construir | House |
| 12:15 | Construir | Siege Workshop |
| 12:20 | Investigar | Forging |
| 12:44 | Crear | Spearman |
| 12:52 | Crear | Villager (Male) |
| 12:52 | Crear | Villager (Male) |
| 12:59 | Construir | Mining Camp |
| 13:12 | Construir | House |
| 13:32 | Crear | Battering Ram |
| 13:42 | Construir | House |
| 13:56 | Crear | Villager (Male) |
| 13:56 | Crear | Villager (Male) |
| 13:56 | Crear | Villager (Male) |
| 13:57 | Crear | Villager (Male) |
| 13:57 | Crear | Villager (Male) |
| 14:03 | Construir | Farm |
| 14:51 | Crear | Battering Ram |
| 15:15 | Construir | Farm |
| 15:18 | Construir | Farm |
| 15:36 | Crear | Battering Ram |
| 15:58 | Crear | Battering Ram |
| 16:14 | Crear | Villager (Male) |
| 16:16 | Construir | Farm |
| 16:17 | Construir | Farm |
| 16:22 | Construir | House |
| 17:06 | Construir | Town Center |
| 18:19 | Construir | Farm |
| 18:21 | Crear | Villager (Male) |
| 18:28 | Investigar | Horse Collar |
| 18:37 | Crear | Villager (Male) |
| 18:37 | Crear | Villager (Male) |
| 18:37 | Crear | Villager (Male) |
| 19:02 | Crear | Battering Ram |
| 19:03 | Crear | Battering Ram |
| 19:14 | Crear | Villager (Male) |
| 19:22 | Construir | Farm |
| 19:23 | Construir | Farm |
| 19:48 | Construir | Siege Workshop |
| 20:16 | Investigar | Man-at-Arms (upgrade) |
| 20:20 | Crear | Militia |
| 20:21 | Crear | Militia |
| 20:24 | Crear | Battering Ram |
| 20:31 | Crear | Battering Ram |
| 21:00 | Construir | Farm |
| 21:08 | Construir | Siege Workshop |
| 21:36 | Crear | Militia |
| 21:36 | Crear | Militia |
| 21:49 | Crear | Battering Ram |
| 21:50 | Crear | Battering Ram |
| 21:55 | Crear | Villager (Male) |
| 21:55 | Crear | Villager (Male) |
| 21:56 | Crear | Villager (Male) |
| 21:56 | Crear | Villager (Male) |
| 23:26 | Crear | Villager (Male) |
| 23:27 | Crear | Villager (Male) |
| 23:28 | Crear | Villager (Male) |
| 23:28 | Crear | Villager (Male) |
| 24:00 | Construir | House |
| 24:06 | Construir | House |
| 24:09 | Construir | House |
| 24:10 | Construir | House |
Build order — HelChelo
113 acciones detectadas en el replay
| 1:42 | Construir | House |
| 1:45 | Construir | House |
| 2:11 | Crear | Villager (Male) |
| 2:11 | Crear | Villager (Male) |
| 2:11 | Crear | Villager (Male) |
| 2:11 | Crear | Villager (Male) |
| 2:11 | Crear | Villager (Male) |
| 3:14 | Crear | Villager (Male) |
| 4:10 | Crear | Villager (Male) |
| 4:21 | Crear | Villager (Male) |
| 4:29 | Crear | Villager (Male) |
| 4:42 | Crear | Villager (Male) |
| 5:19 | Crear | Villager (Male) |
| 5:19 | Crear | Villager (Male) |
| 5:23 | Crear | Villager (Male) |
| 5:45 | Construir | Mill |
| 6:22 | Construir | House |
| 6:33 | Construir | Lumber Camp |
| 7:01 | Crear | Villager (Male) |
| 7:37 | Crear | Villager (Male) |
| 7:38 | Crear | Villager (Male) |
| 7:45 | Construir | House |
| 7:47 | Construir | House |
| 8:18 | Crear | Villager (Male) |
| 8:37 | Crear | Villager (Male) |
| 9:50 | Investigar | Feudal Age |
| 10:01 | Crear | Villager (Male) |
| 10:45 | Construir | Barracks |
| 11:21 | Construir | Palisade Wall |
| 11:26 | Crear | Villager (Male) |
| 11:37 | Construir | House |
| 11:38 | Construir | House |
| 11:51 | Construir | Mining Camp |
| 12:00 | Edad | Edad Feudal |
| 12:08 | Crear | Villager (Male) |
| 12:18 | Investigar | Double-Bit Axe |
| 12:34 | Construir | Stone Wall |
| 12:47 | Construir | Mining Camp |
| 12:48 | Crear | Villager (Male) |
| 12:49 | Crear | Villager (Male) |
| 12:58 | Crear | Villager (Male) |
| 12:59 | Crear | Villager (Male) |
| 13:13 | Construir | Gate |
| 13:24 | Investigar | Loom |
| 13:25 | Crear | Villager (Male) |
| 13:25 | Crear | Villager (Male) |
| 13:56 | Construir | House |
| 14:29 | Construir | Archery Range |
| 14:41 | Construir | Stone Wall |
| 14:52 | Crear | Villager (Male) |
| 14:53 | Crear | Villager (Male) |
| 15:16 | Investigar | Horse Collar |
| 15:40 | Construir | Lumber Camp |
| 15:47 | Construir | Stone Wall |
| 16:20 | Construir | Stone Wall |
| 16:28 | Construir | Gate |
| 16:31 | Crear | Villager (Male) |
| 16:32 | Crear | Villager (Male) |
| 16:51 | Crear | Villager (Male) |
| 16:59 | Construir | Farm |
| 17:14 | Crear | Villager (Male) |
| 17:21 | Crear | Archer |
| 17:22 | Crear | Archer |
| 17:27 | Construir | Farm |
| 17:46 | Crear | Villager (Male) |
| 17:49 | Construir | Farm |
| 18:10 | Construir | Dock |
| 18:19 | Construir | Farm |
| 18:31 | Construir | Farm |
| 18:32 | Construir | Farm |
| 18:35 | Construir | Farm |
| 18:36 | Construir | Farm |
| 18:38 | Construir | Farm |
| 18:40 | Construir | Farm |
| 18:54 | Construir | Farm |
| 19:11 | Crear | Demolition Raft |
| 19:11 | Crear | Demolition Raft |
| 19:12 | Crear | Demolition Raft |
| 19:19 | Crear | Fishing Ship |
| 19:19 | Crear | Fishing Ship |
| 19:19 | Crear | Fishing Ship |
| 19:19 | Crear | Fishing Ship |
| 19:21 | Crear | Fishing Ship |
| 19:21 | Crear | Fishing Ship |
| 19:40 | Construir | Blacksmith |
| 20:12 | Crear | Archer |
| 20:12 | Crear | Archer |
| 20:20 | Crear | Villager (Male) |
| 20:20 | Crear | Villager (Male) |
| 20:22 | Crear | Villager (Male) |
| 20:33 | Crear | Villager (Male) |
| 21:00 | Construir | Farm |
| 21:14 | Construir | Farm |
| 21:16 | Construir | Farm |
| 21:18 | Construir | Farm |
| 21:20 | Construir | Farm |
| 21:23 | Construir | Farm |
| 21:59 | Construir | Farm |
| 22:04 | Investigar | Castle Age |
| 22:14 | Construir | House |
| 22:15 | Construir | House |
| 22:16 | Construir | House |
| 22:17 | Construir | House |
| 22:33 | Construir | Market |
| 22:50 | Construir | Market |
| 23:00 | Crear | Archer |
| 23:00 | Crear | Archer |
| 23:30 | Construir | Archery Range |
| 23:35 | Investigar | Fletching |
| 24:22 | Crear | Villager (Male) |
| 24:23 | Crear | Villager (Male) |
| 24:23 | Crear | Villager (Male) |
| 24:23 | Crear | Villager (Male) |
Build order — MK
138 acciones detectadas en el replay
| 0:02 | Crear | Villager (Male) |
| 0:02 | Crear | Villager (Male) |
| 0:02 | Crear | Villager (Male) |
| 0:03 | Crear | Villager (Male) |
| 0:03 | Crear | Villager (Male) |
| 0:05 | Construir | House |
| 0:06 | Construir | House |
| 1:25 | Crear | Villager (Male) |
| 1:52 | Crear | Villager (Male) |
| 1:52 | Crear | Villager (Male) |
| 2:26 | Crear | Villager (Male) |
| 2:26 | Crear | Villager (Male) |
| 2:47 | Crear | Villager (Male) |
| 3:03 | Crear | Villager (Male) |
| 3:24 | Crear | Villager (Male) |
| 3:25 | Crear | Villager (Male) |
| 3:48 | Crear | Villager (Male) |
| 3:48 | Crear | Villager (Male) |
| 3:48 | Crear | Villager (Male) |
| 4:16 | Construir | House |
| 4:21 | Construir | House |
| 4:30 | Construir | Lumber Camp |
| 4:47 | Construir | House |
| 4:52 | Crear | Villager (Male) |
| 4:53 | Crear | Villager (Male) |
| 4:53 | Crear | Villager (Male) |
| 4:53 | Crear | Villager (Male) |
| 6:22 | Crear | Villager (Male) |
| 6:23 | Crear | Villager (Male) |
| 6:23 | Crear | Villager (Male) |
| 6:42 | Crear | Villager (Male) |
| 7:06 | Construir | Palisade Wall |
| 7:26 | Construir | Mill |
| 8:14 | Investigar | Feudal Age |
| 8:43 | Construir | Dock |
| 9:40 | Construir | Barracks |
| 10:15 | Construir | House |
| 10:19 | Construir | House |
| 10:24 | Edad | Edad Feudal |
| 10:49 | Construir | Barracks |
| 10:57 | Crear | Demolition Raft |
| 10:57 | Crear | Demolition Raft |
| 11:02 | Crear | Villager (Male) |
| 11:02 | Crear | Villager (Male) |
| 11:03 | Crear | Villager (Male) |
| 11:03 | Crear | Villager (Male) |
| 11:12 | Investigar | Double-Bit Axe |
| 11:14 | Investigar | Horse Collar |
| 11:18 | Crear | Villager (Male) |
| 11:25 | Construir | House |
| 11:26 | Construir | House |
| 11:39 | Crear | Spearman |
| 12:05 | Crear | Villager (Male) |
| 12:16 | Construir | Palisade Wall |
| 12:18 | Construir | Palisade Wall |
| 12:22 | Construir | Palisade Gate |
| 12:33 | Construir | Palisade Wall |
| 12:41 | Crear | Spearman |
| 12:48 | Construir | House |
| 13:24 | Construir | Palisade Gate |
| 13:27 | Construir | House |
| 13:44 | Construir | House |
| 14:17 | Crear | Fishing Ship |
| 14:17 | Crear | Fishing Ship |
| 14:21 | Crear | Villager (Male) |
| 14:21 | Crear | Villager (Male) |
| 14:21 | Crear | Villager (Male) |
| 14:22 | Crear | Villager (Male) |
| 14:22 | Crear | Villager (Male) |
| 14:22 | Crear | Villager (Male) |
| 14:39 | Construir | Palisade Wall |
| 14:43 | Construir | Palisade Gate |
| 14:50 | Crear | Spearman |
| 15:32 | Construir | Farm |
| 15:32 | Construir | Farm |
| 15:47 | Construir | Market |
| 16:07 | Construir | Watch Tower |
| 16:23 | Construir | Blacksmith |
| 16:27 | Crear | Fishing Ship |
| 16:28 | Crear | Fishing Ship |
| 16:28 | Crear | Fishing Ship |
| 16:28 | Crear | Fishing Ship |
| 16:28 | Crear | Fishing Ship |
| 16:34 | Construir | Farm |
| 16:36 | Construir | Farm |
| 16:38 | Construir | Farm |
| 16:40 | Construir | Farm |
| 16:42 | Construir | Farm |
| 16:43 | Construir | Farm |
| 16:44 | Construir | Farm |
| 16:45 | Construir | Farm |
| 16:46 | Construir | Farm |
| 16:47 | Construir | Farm |
| 16:48 | Construir | Farm |
| 16:52 | Crear | Villager (Male) |
| 16:52 | Crear | Villager (Male) |
| 17:20 | Construir | Farm |
| 17:24 | Construir | Farm |
| 17:45 | Construir | Barracks |
| 18:15 | Crear | Militia |
| 18:16 | Crear | Militia |
| 18:26 | Construir | Mining Camp |
| 18:29 | Crear | Villager (Male) |
| 18:29 | Crear | Villager (Male) |
| 18:30 | Crear | Villager (Male) |
| 18:33 | Crear | Fishing Ship |
| 18:33 | Crear | Fishing Ship |
| 19:20 | Crear | Militia |
| 19:21 | Crear | Militia |
| 19:21 | Crear | Militia |
| 19:55 | Construir | House |
| 19:56 | Construir | House |
| 20:19 | Construir | House |
| 20:20 | Construir | House |
| 20:28 | Construir | Farm |
| 20:29 | Construir | Farm |
| 20:30 | Construir | Farm |
| 20:34 | Crear | Fishing Ship |
| 20:34 | Crear | Fishing Ship |
| 21:45 | Crear | Militia |
| 21:45 | Crear | Militia |
| 21:45 | Crear | Militia |
| 22:03 | Construir | Barracks |
| 23:03 | Investigar | Castle Age |
| 23:05 | Investigar | Loom |
| 23:16 | Crear | Militia |
| 23:17 | Crear | Militia |
| 23:17 | Crear | Militia |
| 23:18 | Construir | House |
| 23:23 | Construir | House |
| 23:24 | Construir | House |
| 23:26 | Construir | House |
| 23:28 | Construir | House |
| 23:36 | Crear | Militia |
| 23:37 | Crear | Militia |
| 23:37 | Crear | Militia |
| 23:45 | Investigar | Scale Mail Armor |
| 23:50 | Construir | House |
Build order — Ahmedo
125 acciones detectadas en el replay
| 0:01 | Crear | Villager (Male) ×4 |
| 0:03 | Construir | House |
| 0:04 | Construir | House |
| 1:34 | Crear | Villager (Male) |
| 1:58 | Crear | Villager (Male) |
| 2:10 | Construir | Lumber Camp |
| 2:20 | Crear | Villager (Male) |
| 2:36 | Crear | Villager (Male) |
| 2:58 | Crear | Villager (Male) |
| 3:18 | Crear | Villager (Male) |
| 3:33 | Crear | Villager (Male) |
| 3:49 | Construir | Mill |
| 4:12 | Construir | House |
| 4:31 | Crear | Villager (Male) |
| 4:33 | Crear | Villager (Male) |
| 5:19 | Crear | Villager (Male) |
| 5:43 | Crear | Villager (Male) |
| 6:05 | Crear | Villager (Male) |
| 6:41 | Construir | House |
| 6:57 | Investigar | Loom |
| 7:25 | Crear | Villager (Male) |
| 7:27 | Investigar | Feudal Age |
| 7:27 | Investigar | Feudal Age |
| 7:32 | Construir | Barracks |
| 7:47 | Crear | Villager (Male) |
| 7:48 | Crear | Villager (Male) |
| 9:37 | Edad | Edad Feudal |
| 9:48 | Construir | Archery Range |
| 10:13 | Crear | Villager (Male) |
| 10:33 | Construir | Mining Camp |
| 10:39 | Crear | Villager (Male) |
| 11:04 | Crear | Archer |
| 11:04 | Crear | Archer |
| 11:12 | Construir | House |
| 11:22 | Construir | Blacksmith |
| 11:25 | Crear | Villager (Male) |
| 11:34 | Construir | House |
| 11:35 | Construir | House |
| 11:47 | Crear | Villager (Male) |
| 11:54 | Crear | Archer |
| 13:04 | Construir | Archery Range |
| 13:08 | Crear | Villager (Male) |
| 13:09 | Crear | Villager (Male) |
| 13:12 | Construir | Farm |
| 13:14 | Construir | Farm |
| 13:16 | Construir | Farm |
| 13:19 | Construir | Farm |
| 13:20 | Construir | Farm |
| 13:22 | Investigar | Double-Bit Axe |
| 13:24 | Investigar | Fletching |
| 13:25 | Investigar | Padded Archer Armor |
| 13:27 | Crear | Villager (Male) |
| 13:33 | Construir | Farm |
| 13:43 | Crear | Archer |
| 13:55 | Construir | Farm |
| 13:59 | Construir | Farm |
| 14:01 | Crear | Villager (Male) |
| 14:26 | Crear | Villager (Male) |
| 14:31 | Construir | Farm |
| 14:34 | Construir | Farm |
| 14:37 | Construir | Farm |
| 14:43 | Crear | Villager (Male) |
| 14:54 | Crear | Archer |
| 14:54 | Crear | Archer |
| 15:39 | Crear | Villager (Male) |
| 15:41 | Construir | Farm |
| 15:47 | Construir | House |
| 15:49 | Crear | Archer |
| 15:49 | Crear | Archer |
| 15:59 | Crear | Villager (Male) |
| 16:19 | Construir | House |
| 16:20 | Construir | House |
| 16:27 | Investigar | Gold Mining |
| 17:34 | Crear | Archer |
| 17:34 | Crear | Archer |
| 17:38 | Construir | House |
| 18:23 | Crear | Villager (Male) |
| 18:23 | Crear | Villager (Male) |
| 18:27 | Construir | Farm |
| 18:29 | Construir | Farm |
| 18:32 | Construir | Farm |
| 18:35 | Construir | Farm |
| 18:38 | Investigar | Horse Collar |
| 18:42 | Construir | House |
| 19:01 | Investigar | Castle Age |
| 19:16 | Crear | Archer |
| 19:17 | Crear | Archer |
| 19:30 | Construir | House |
| 19:32 | Crear | Archer |
| 19:33 | Crear | Archer |
| 19:53 | Crear | Villager (Male) |
| 19:53 | Crear | Villager (Male) |
| 20:16 | Crear | Archer |
| 20:16 | Crear | Archer |
| 20:16 | Crear | Archer |
| 20:50 | Construir | House |
| 21:18 | Crear | Archer |
| 21:18 | Crear | Archer |
| 21:19 | Crear | Archer |
| 21:40 | Construir | House |
| 21:41 | Edad | Edad de los Castillos |
| 21:43 | Investigar | Bodkin Arrow |
| 21:52 | Construir | University |
| 21:59 | Construir | Town Center |
| 22:26 | Investigar | Crossbowman (upgrade) |
| 23:05 | Construir | House |
| 23:07 | Crear | Villager (Male) |
| 23:07 | Crear | Villager (Male) |
| 23:07 | Crear | Villager (Male) |
| 23:11 | Crear | Villager (Male) |
| 23:11 | Crear | Villager (Male) |
| 23:30 | Investigar | Ballistics |
| 23:30 | Investigar | Ballistics |
| 23:44 | Construir | Farm |
| 23:46 | Crear | Villager (Male) |
| 23:49 | Crear | Villager (Male) |
| 23:49 | Crear | Villager (Male) |
| 24:16 | Construir | Farm |
| 24:19 | Construir | Farm |
| 24:22 | Construir | Farm |
| 24:40 | Crear | Villager (Male) |
| 24:41 | Crear | Villager (Male) |
| 24:48 | Construir | Farm |
| 24:54 | Construir | Farm |
| 24:56 | Crear | Villager (Male) |
Cronología de la partida
| 7:06 | MK · wall_segment Palisade Wall x2 |
| 7:18 | Niklas · first_building Barracks |
| 7:24 | Panda ツ · first_building Barracks |
| 7:32 | Ahmedo · first_building Barracks |
| 8:43 | MK · first_building Dock |
| 8:59 | GroßerGüffel · first_building Barracks |
| 9:37 | Ahmedo · age_up feudal |
| 9:40 | MK · first_building Barracks |
| 9:48 | Ahmedo · first_building Archery Range |
| 10:09 | GroßerGüffel · age_up feudal |
| 10:24 | MK · age_up feudal |
| 10:39 | Panda ツ · age_up feudal |
| 10:45 | HelChelo · first_building Barracks |
| 11:21 | HelChelo · wall_segment Palisade Wall x6 |
| 12:00 | HelChelo · age_up feudal |
| 12:15 | GroßerGüffel · first_building Siege Workshop |
| 12:16 | MK · wall_segment Palisade Wall x4 |
| 12:18 | MK · wall_segment Palisade Wall x3 |
| 12:33 | MK · wall_segment Palisade Wall x4 |
| 12:34 | HelChelo · wall_segment Stone Wall x7 |
| 14:29 | HelChelo · first_building Archery Range |
| 14:39 | MK · wall_segment Palisade Wall x7 |
| 14:41 | HelChelo · wall_segment Stone Wall x8 |
| 15:06 | Niklas · age_up feudal |
| 15:20 | Niklas · first_building Stable |
| 15:47 | HelChelo · wall_segment Stone Wall x5 |
| 16:20 | HelChelo · wall_segment Stone Wall x8 |
| 18:10 | HelChelo · first_building Dock |
| 19:01 | Niklas · age_up castle |
| 19:19 | MK · first_market_sell 100 wood |
| 21:41 | Ahmedo · age_up castle |
| 24:03 | Niklas · resign |
[ ANÁLISIS IA · 1 CRÉDITO ]
¿Qué pasó realmente en esta partida?
Wolo.gg analiza cada decisión: build order, eco, micro, errores típicos por bracket. Análisis personalizado por WhatsApp o Discord en 30 segundos.
Guía civ
Tártaros
Guía mapa
Coastal Forest
Perfil
Jugador #17617870